 Dungeon Crawl Stone Soup version 0.22-a0-565-gfc6459a (webtiles) character file.

1122 Hebeh the Chopper (level 8, -17/70 HPs)
             Began as a Minotaur Fighter on June 28, 2018.
             Was an Initiate of Trog.
             Demolished by a two-headed ogre
             ... wielding a +0 giant club
              (24 damage)
             ... on level 6 of the Dungeon.
             The game lasted 00:15:51 (4089 turns).

Hebeh the Chopper (Minotaur Fighter)                Turns: 4089, Time: 00:15:52

Health: -17/70     AC: 11    Str: 23    XL:     8   Next: 12%
Magic:  7/7        EV:  8    Int:  5    God:    Trog [......]
Gold:   235        SH: 10    Dex: 10    Spells: 7/7 levels left

rFire    . . .     SeeInvis .   a - +0 war axe
rCold    . . .     Gourm    .   c - +0 shield
rNeg     . . .     Faith    .   b - +0 scale mail
rPois    .         Spirit   .   (helmet restricted)
rElec    .         Reflect  .   (no cloak)
rCorr    .         Harm     .   (no gloves)
MR       .....                  (no boots)
Stlth    ..........             (no amulet)
HPRegen  0.21/turn              r - +4 ring of slaying
MPRegen  0.10/turn              t - +4 ring of protection

@: no status effects
A: retaliatory headbutt, horns 2
a: Renounce Religion


You were on level 6 of the Dungeon.
You worshipped Trog.
Trog was noncommittal.
You were not hungry.

You visited 2 branches of the dungeon, and saw 7 of its levels.

You collected 235 gold pieces.

Inventory:

Hand Weapons
 a - a +0 war axe (weapon)
Armour
 b - a +0 scale mail (worn)
 c - a +0 shield (worn)
Jewellery
 l - an uncursed ring of protection from cold
 p - an uncursed ring of resist corrosion
 r - a +4 ring of slaying (left hand)
 t - a +4 ring of protection (right hand)
Wands
 s - a wand of flame (19)
 v - a wand of iceblast (4)
Scrolls
 e - 2 scrolls of immolation
 h - 2 scrolls of identify
 j - 3 scrolls of remove curse
 o - a scroll of fog
 q - 3 scrolls of teleportation
 u - a scroll of enchant armour {unknown}
 y - a scroll of blinking {unknown}
Potions
 d - a potion of might
 g - a potion of berserk rage {unknown}
 i - a potion of heal wounds
 k - a potion of brilliance {unknown}
 m - a potion of curing {unknown}
 n - a potion of resistance {unknown}
 w - a potion of mutation {unknown}
Comestibles
 f - 6 rations
 x - 2 chunks of flesh


   Skills:
 + Level 6.3 Fighting
 * Level 7.6 Axes
 + Level 6.3 Armour
 + Level 6.2 Shields


You had 7 spell levels left.
You didn't know any spells.
Your spell library was empty.

Dungeon Overview and Level Annotations

Branches:
Dungeon (6/15)             Temple (1/1) D:5

Altars:
Fedhas
Makhleb
Okawaru
Qazlal
Ru
Sif Muna
Trog
Uskayaw
Wu Jian
Xom


Innate Abilities, Weirdness & Mutations

You reflexively headbutt those who attack you in melee.
You have a pair of horns on your head.


Message History

You are too injured to fight recklessly!
You are too injured to fight recklessly!
You barely miss the two-headed ogre.
Your headbutt misses the two-headed ogre.
The two-headed ogre is heavily wounded.
You hear the brisk rusting of a distant drain.
The two-headed ogre closely misses you. x2
You hit the two-headed ogre.
The two-headed ogre is heavily wounded.
The two-headed ogre hits you with a giant club!
The two-headed ogre hits you with a giant club.
* * * LOW HITPOINT WARNING * * *
You hit the two-headed ogre.
The two-headed ogre is severely wounded.
You slash the two-headed ogre!
The two-headed ogre is almost dead.
The two-headed ogre hits you with a giant club!
* * * LOW HITPOINT WARNING * * *
The two-headed ogre hits you with a giant club!!
You die...

...#..........#
.......#/$........#
................<.#
..................####
.....................#
....... .............#
....... #...........#
......†####.####.....#
......O@.............###
.........########..#....
#####...########..##....
#.$.##.........#....
###.##.........#....
#..#.........#....
##.#..............
............####
#...........#


You could see a two-headed ogre.

Vanquished Creatures
  Duvessa (D:5)
  A bullfrog (D:6)
  A scorpion (D:4)
  Dowan (D:5)
  5 wights (D:5)
  A howler monkey (D:6)
  2 crimson imps (D:5)
  A hound (D:5)
  An orc priest (D:5)
  A bullfrog skeleton (D:5)
  A jelly (D:5)
  3 iguanas
  3 orc wizards (D:5)
  3 worker ants
  4 gnolls (D:5)
  A howler monkey skeleton (D:4)
  6 adders
  An adder zombie (D:2)
  A dart slug (D:2)
  2 leopard geckos (D:4)
  6 orcs
  3 giant cockroaches
  6 hobgoblins
  6 jackals
  3 kobolds
  3 quokkas
  2 ball pythons
  8 bats
  4 frilled lizards
  A giant cockroach zombie (D:5)
  10 goblins
  A quokka zombie (D:5)
  13 rats
106 creatures vanquished.

Notes
Turn   | Place    | Note
-------+----------+-------------------------------------------
     0 | D:1      | Hebeh the Minotaur Fighter began the quest for the Orb.
     0 | D:1      | Reached XP level 1. HP: 19/19 MP: 0/0
   165 | D:1      | Reached XP level 2. HP: 27/27 MP: 1/1
   170 | D:1      | Reached skill level 3 in Axes
   772 | D:2      | Reached XP level 3. HP: 32/33 MP: 2/2
  1226 | D:3      | Found a faded altar of an unknown god.
  1427 | D:3      | Reached XP level 4. HP: 40/40 MP: 3/3
  1664 | D:3      | Found a stormy altar of Qazlal.
  1684 | D:3      | Reached skill level 4 in Axes
  2065 | D:4      | Reached XP level 5. HP: 44/47 MP: 4/4
  2307 | D:4      | Found a sacrificial altar of Ru.
  2468 | D:4      | Reached skill level 5 in Axes
  2532 | D:5      | Entered Level 5 of the Dungeon
  2586 | D:5      | Reached XP level 6. HP: 45/55 MP: 5/5
  2587 | D:5      | Reached skill level 5 in Armour
  2589 | D:5      | Reached skill level 5 in Fighting
  2600 | D:5      | Reached skill level 5 in Shields
  2739 | D:5      | Noticed Dowan
  2749 | D:5      | Noticed Duvessa
  2750 | D:5      | Killed Dowan
  2759 | D:5      | HP: 2/56 [Duvessa/short sword (6)]
  2763 | D:5      | Killed Duvessa
  2763 | D:5      | Reached skill level 6 in Axes
  2763 | D:5      | Reached XP level 7. HP: 3/61 MP: 6/6
  3110 | D:5      | Found an iron altar of Okawaru.
  3483 | D:5      | Found a staircase to the Ecumenical Temple.
  3650 | D:5      | Found a shimmering altar of Xom.
  3650 | D:5      | Found a deep blue altar of Sif Muna.
  3676 | Temple   | Entered the Ecumenical Temple
  3703 | Temple   | Became a worshipper of Trog the Wrathful
  3902 | D:5      | Reached skill level 7 in Axes
  3993 | D:5      | Reached XP level 8. HP: 67/70 MP: 7/7
  4079 | D:6      | Noticed a two-headed ogre
  4089 | D:6      | Demolished by a two-headed ogre

Vault maps used:
D:1:      dpeg_arrival_refuge
D:3:      nicolae_overflow_hidden_temple, chequers_ecumenical_altar_island,
          minmay_fountain_box
D:4:      nicolae_ru_the_path_less_chosen, kennysheep_cross_bottleneck,
          grunt_ministairs_11
D:5:      okawaru_ov_weapons_minmay, gammafunk_temple_overflow_wave,
          minmay_temple_entry_junction_2, first_ration, uniq_duvessa
D:6:      kennysheep_slug_shrine, lemuel_coloured_pillars_altar,
          gup_sewer_entry_bubbles, grunt_gozag_breadcrumbs
Temple:   cyrus_temple_forest

Skill      XL: |  1  2  3  4  5  6  7 |
---------------+----------------------+-----
Axes           | 3 4 5 6 7 |  7.6
Fighting       | 4 5 6 |  6.3
Armour         | 4 5 6 |  6.3
Shields        | 4 5 6 |  6.2

Action                   |  1- 3 |  4- 6 |  7- 9 || total
-------------------------+-------+-------+-------++-------
Melee: War axe           |   118 |    95 |    63 ||   276
       Headbutt          |    19 |    19 |    16 ||    54
  Use: Scroll            |       |     6 |       ||     6
  Eat: Chunk             |     2 |     4 |     3 ||     9
       Ration            |       |       |     1 ||     1
Armor: Scale mail        |    64 |    42 |    21 ||   127
Dodge: Dodged            |    40 |    22 |    24 ||    86
Block: Shield            |    74 |    36 |    35 ||   145

Table legend:
 A = Spawn XP
 B = Non-spawn XP
 C = Spawn XP percentage of total XP
 D = Spawn monster count
 E = Non-spawn monster count
 F = Spawn count percentage of total count
 G = Total turns spent on level
                    A         B        C        D         E        F      G
               +---------+---------+-------+---------+---------+-------+---------
         Total |       0 |    1604 |   0.0 |       0 |     106 |   0.0 |  4089
               +---------+---------+-------+---------+---------+-------+---------
           D:1 |       0 |      35 |   0.0 |       0 |      24 |   0.0 |   693
           D:2 |       0 |      24 |   0.0 |       0 |      12 |   0.0 |   306
           D:3 |       0 |      55 |   0.0 |       0 |      23 |   0.0 |   758
           D:4 |       0 |     204 |   0.0 |       0 |      12 |   0.0 |   775
           D:5 |       0 |    1129 |   0.0 |       0 |      32 |   0.0 |  1432
           D:6 |       0 |     157 |   0.0 |       0 |       3 |   0.0 |    73
               +---------+---------+-------+---------+---------+-------+---------
